 Dungeon Crawl Stone Soup version 0.31-a0-237-g2d982f9f85 (webtiles) character file.

Game seed: 1513961028453410328

1047 qw the Skirmisher (level 8, -3/68 HPs)
             Began as a Minotaur Hexslinger on July 11, 2023.
             Was a Follower of Okawaru.
             Killed by divine providence
             ... invoked by an orc priest
              (14 damage)
             ... on level 6 of the Dungeon.
             The game lasted 00:01:43 (4304 turns).

qw the Skirmisher (Minotaur Hexslinger)             Turns: 4304, Time: 00:01:43

Health: -3/68      AC:  7    Str: 13    XL:     8   Next: 5%
Magic:  5/9        EV: 16    Int: 10    God:    Okawaru [*.....]
Gold:   326        SH:  0    Dex: 23    Spells: 8/9 levels left

rFire   . . .        f - +6 orcbow "Jenegaaw" {heavy, Contam rC+ Will+++ Dex+8}
rCold   + . .        (shield currently unavailable)
rNeg    . . .        b - +0 ring mail
rPois   +            (helmet restricted)
rElec   .            (no cloak)
rCorr   .            (no gloves)
SInv    .            j - +0 pair of boots
Will    +++..        c - amulet of regeneration
Stlth   +++          i - ring of poison resistance
HPRegen 1.11/turn    (no ring)
MPRegen 0.11/turn

%: no passive effects
@: mighty, heroic
A: horns 2, retaliatory headbutt
a: Renounce Religion, Heroism


You were on level 6 of the Dungeon.
You worshipped Okawaru.
Okawaru was aware of your devotion.
You visited 2 branches of the dungeon, and saw 7 of its levels.

You collected 326 gold pieces.


Innate Abilities, Weirdness & Mutations

You have a pair of horns on your head.
You reflexively headbutt those who attack you in melee.


   Skills:
 - Level 5.0(10.0) Fighting
 + Level 8.2(13.2) Ranged Weapons
 - Level 2.1(7.1) Armour
 - Level 3.0(8.0) Dodging
 - Level 1.0 Spellcasting
 - Level 2.0 Hexes
 + Level 2.7 Invocations


You had 8 spell levels left.
You knew the following spells:

 Your Spells              Type           Power      Damage    Failure   Level
a - Slow                  Hex            16%        N/A       28%         1

Your spell library contained the following spells:

 Spells                   Type           Power      Damage    Failure   Level
 Inner Flame              Hex/Fire       2%         N/A       78%         3
 Portal Projectile        Hex/Tloc       4%         N/A       78%         3
 Cause Fear               Hex            2%         N/A       96%         4

Inventory:

Hand Weapons
 f - the +6 orcbow "Jenegaaw" (weapon) {heavy, Contam rC+ Will+++ Dex+8}
   (You found it on level 3 of the Dungeon)

   Dex:       It affects your dexterity (+8).
   rC:        It protects you from cold.
   Contam:    It causes magical contamination when unequipped.
   Will:      It greatly increases your willpower.
Armour
 b - a +0 ring mail (worn)
 j - a +0 pair of boots (worn)
 k - the +0 robe of the Eternal Void {-Tele Fly Slay+3}
   (You found it on level 4 of the Dungeon)

   Slay:      It affects your accuracy & damage with ranged weapons and melee
   (+3).
   Fly:       It grants you flight.
   -Tele:     It prevents most forms of teleportation.
Jewellery
 c - an amulet of regeneration (around neck)
 i - a ring of poison resistance (left hand)
Scrolls
 a - a scroll of identify
 h - 4 scrolls of teleportation
Potions
 d - a potion of haste
 g - a potion of curing
 m - a potion of enlightenment {unknown}
 n - a potion of lignification {unknown}
 o - 2 potions of might
 p - a potion of magic {unknown}

Dungeon Overview and Level Annotations

Branches:
Dungeon (6/15)             Temple (1/1) D:5

Altars:
Ashenzari
Cheibriados
Dithmenos
Elyvilon
Fedhas
Gozag
Kikubaaqudgha
Makhleb
Nemelex Xobeh
Okawaru
Qazlal
Ru
Sif Muna
Trog
Uskayaw
Vehumet
Wu Jian
Zin
The Shining One

Shops:
D:5 [


Message History

Edmund is moderately wounded.
You shoot an arrow. The arrow barely misses Edmund.
Edmund closely misses you.
The orc warrior hits you from afar with a +0 halberd!
You shoot an arrow. The arrow hits Edmund!!
You kill Edmund!
Okawaru accepts your kill.
The orc warrior hits you from afar with a +0 halberd!
Your base Armour skill increases to level 2!
You have reached level 8!
You feel agile.
You shoot an arrow. The arrow hits the black bear.
The black bear is moderately wounded.
The black bear misses you.
The black bear claws you but does no damage.
The black bear completely misses you. The orc warrior barely misses you.
The orc closely misses you.
The black bear bites you but does no damage.
The black bear misses you. The black bear closely misses you.
The orc warrior hits you from afar with a +0 halberd!
The orc wizard closely misses you. You furiously retaliate!
You headbutt the orc wizard! You shoot an arrow.
The arrow hits the orc wizard!!
You kill the orc wizard!
Okawaru accepts your kill.
The orc priest invokes the aid of Beogh against you.
Beogh smites you! The orc warrior barely misses you.
The black bear completely misses you. The black bear barely misses you. x2
You shoot an arrow. The arrow hits the black bear!
The black bear is heavily wounded.
The black bear bites you but does no damage.
The black bear claws you but does no damage. x2
The orc wizard barely misses you.
The orc priest calls down the wrath of Beogh upon you.
Beogh smites you! The orc warrior misses you. The black bear bites you.
The black bear claws you but does no damage.
The black bear claws you. The orc warrior barely misses you.
The orc wizard hits you but does no damage.
The orc priest calls down the wrath of Beogh upon you.
Beogh smites you!
You die...

### ..# #.# #.#
#.#
#.#####@#####..
#.....)hoo....#
##....oo....#.#
#..##.#...#.#
#.. #.#..=# ..
. #.#....> ..
#.#.##PPP P
#o...


P$?$ #$... P$$$ You could see an orc warrior, a black bear, an orc priest, an
orc wizard and an orc.

Vanquished Creatures
  Eustachio (D:4)
  Edmund (D:6)
  An ogre (D:5)
  2 scorpions (D:5)
  2 hounds
  2 orc priests
  2 sleepcaps (D:5)
  9 orc wizards
  4 gnolls (D:5)
  4 adders
  A white imp (D:5)
  An ufetubus (D:5)
  3 worms
  5 dart slugs
  15 orcs
  3 bats (D:1)
  9 endoplasms
  A giant cockroach (D:2)
  6 goblins
  7 hobgoblins
  9 jackals
  8 kobolds
  3 quokkas
  3 ball pythons (D:1)
  2 frilled lizards
  6 rats (D:1)
110 creatures vanquished.

Notes
Turn   | Place    | Note
-------+----------+-------------------------------------------
     0 | D:1      | qw the Minotaur Hexslinger began the quest for the Orb.
     0 | D:1      | Reached XP level 1. HP: 16/16 MP: 1/1
     0 | D:1      | 0 ||| qw: Version: 0.3-a-52-g30416fa
     0 | D:1      | 0 ||| qw: Game counter: 5777
     0 | D:1      | 0 ||| qw: Melee chars always use a shield: true
     0 | D:1      | 0 ||| qw: God list: Okawaru
     0 | D:1      | 0 ||| qw: Allow faded altars: false
     0 | D:1      | 0 ||| qw: Do Orc after clearing Dungeon:15 true
     0 | D:1      | 0 ||| qw: Do second Lair branch before Depths: true
     0 | D:1      | 0 ||| qw: Lair rune preference: random
     0 | D:1      | 0 ||| qw: Goals: Normal
     0 | D:1      | 0 ||| PLANNING D:1-11
    45 | D:1      | 45 ||| FLEEEEING.
    46 | D:1      | 46 ||| FLEEEEING.
   154 | D:1      | Reached skill level 3 in Ranged Weapons
   154 | D:1      | Reached XP level 2. HP: 23/23 MP: 2/2
   776 | D:1      | Reached XP level 3. HP: 29/29 MP: 3/3
   916 | D:1      | 916 ||| UPGRADING to +0 pair of boots.
   921 | D:1      | 921 ||| UPGRADING to ring of poison resistance.
   922 | D:1      | 922 ||| READING scroll labelled LAMUDY MIRHIO.
  1023 | D:1      | 1023 ||| READING scroll labelled WECUAG RIASOQ.
  1024 | D:1      | 1024 ||| READING scroll labelled ONAB USOFAE.
  1025 | D:1      | 1025 ||| DROPPING scroll of poison.
  1474 | D:2      | Reached skill level 4 in Ranged Weapons
  1996 | D:2      | 1996 ||| UPGRADING to +0 ring mail.
  2006 | D:2      | 2006 ||| DROPPING +0 robe.
  2007 | D:2      | 2007 ||| READING 2 scrolls labelled ISCHEA FYRHOBLE.
  2008 | D:2      | 2008 ||| READING scroll labelled YRUPHO JAROYZIS.
  2009 | D:2      | 2009 ||| READING 2 scrolls labelled KEBREDA GOSK.
  2013 | D:2      | 2013 ||| READING scroll labelled MOLEPRUNWIXUE.
  2139 | D:3      | Found a sparkling altar of Nemelex Xobeh.
  2140 | D:3      | Found a shimmering blue altar of Sif Muna.
  2297 | D:3      | Reached skill level 1 in Armour
  2334 | D:3      | Reached XP level 4. HP: 36/36 MP: 4/4
  2580 | D:3      | Found a bloodstained altar of Trog.
  2582 | D:3      | Found a glowing silver altar of Zin.
  2862 | D:3      | 2862 ||| UPGRADING to amulet of regeneration.
  2867 | D:3      | 2867 ||| DROPPING ring of magical power.
  2868 | D:3      | 2868 ||| READING 2 scrolls labelled APRIATRE JEIDD.
  2869 | D:3      | 2869 ||| READING scroll labelled LEGRISICLO.
  2870 | D:3      | 2870 ||| READING 2 scrolls of identify.
  2870 | D:3      | 2870 ||| IDENTIFYING sedimented pink potion
  2871 | D:3      | 2871 ||| DROPPING scroll of noise.
  2885 | D:4      | 2885 ||| STAIRDANCE
  2889 | D:4      | 2889 ||| STAIRDANCE
  2893 | D:4      | 2893 ||| STAIRDANCE
  2897 | D:4      | 2897 ||| STAIRDANCE
  2901 | D:4      | 2901 ||| STAIRDANCE
  2905 | D:4      | 2905 ||| STAIRDANCE
  2909 | D:4      | 2909 ||| STAIRDANCE
  2913 | D:4      | 2913 ||| STAIRDANCE
  2917 | D:4      | 2917 ||| STAIRDANCE
  2921 | D:4      | 2921 ||| STAIRDANCE
  2925 | D:4      | 2925 ||| STAIRDANCE
  2929 | D:4      | 2929 ||| STAIRDANCE
  2933 | D:4      | 2933 ||| STAIRDANCE
  2937 | D:4      | 2937 ||| STAIRDANCE
  2941 | D:4      | 2941 ||| STAIRDANCE
  2945 | D:4      | 2945 ||| STAIRDANCE
  2949 | D:4      | 2949 ||| STAIRDANCE
  2953 | D:4      | 2953 ||| STAIRDANCE
  2957 | D:4      | 2957 ||| STAIRDANCE
  2961 | D:4      | 2961 ||| STAIRDANCE
  2965 | D:3      | Reached skill level 5 in Ranged Weapons
  2969 | D:4      | 2969 ||| FLEEEEING.
  2970 | D:4      | 2970 ||| FLEEEEING.
  2992 | D:4      | Reached XP level 5. HP: 15/44 MP: 5/5
  3003 | D:4      | Reached skill level 3 in Fighting
  3279 | D:3      | Identified the +6 orcbow "Jenegaaw" {heavy, Contam rC+
                  | Will+++ Dex+8}
  3281 | D:3      | 3281 ||| SWAPPING to +6 orcbow "Jenegaaw" {heavy, Contam
                  | rC+ Will+++ Dex+8}.
  3282 | D:3      | 3282 ||| DROPPING +1 sling.
  3306 | D:4      | Noticed Eustachio
  3322 | D:4      | Killed Eustachio
  3323 | D:4      | Reached skill level 6 in Ranged Weapons
  3323 | D:4      | Reached XP level 6. HP: 51/51 MP: 6/6
  3371 | D:4      | Identified the +0 robe of the Eternal Void {-Tele Fly
                  | Slay+3}
  3508 | D:5      | Entered Level 5 of the Dungeon
  3562 | D:5      | Found a staircase to the Ecumenical Temple.
  3563 | D:5      | 3563 ||| PLANNING TEMPLE
  3563 | D:5      | Found an opulent altar of Gozag.
  3568 | Temple   | Entered the Ecumenical Temple
  3569 | Temple   | 3569 ||| PLANNING OKAWARU WORSHIP
  3698 | Temple   | Became a worshipper of Warmaster Okawaru
  3699 | Temple   | 3699 ||| PLANNING D:1-11
  3715 | D:5      | Reached skill level 7 in Ranged Weapons
  3790 | D:5      | 3790 ||| Stepping ~*~*~tactically~*~*~ (outnumbered).
  3796 | D:5      | Reached skill level 3 in Dodging
  3796 | D:5      | Reached XP level 7. HP: 55/59 MP: 7/7
  3968 | D:5      | 3968 ||| Stepping ~*~*~tactically~*~*~ (outnumbered).
  3970 | D:5      | 3970 ||| Stepping ~*~*~tactically~*~*~ (outnumbered).
  3972 | D:5      | 3972 ||| Stepping ~*~*~tactically~*~*~ (outnumbered).
  3983 | D:5      | Reached * piety under Okawaru
  3984 | D:5      | Reached skill level 8 in Ranged Weapons
  3985 | D:5      | Found Zexuiful's Antique Armour Boutique.
  4022 | D:5      | Reached skill level 1 in Invocations
  4266 | D:5      | 4266 ||| DRINKING 3 fuming emerald potions.
  4267 | D:5      | 4267 ||| READING 4 scrolls of identify.
  4267 | D:5      | 4267 ||| IDENTIFYING fizzy white potion
  4268 | D:5      | 4268 ||| READING 3 scrolls of identify.
  4268 | D:5      | 4268 ||| IDENTIFYING black potion
  4269 | D:5      | 4269 ||| READING 2 scrolls of identify.
  4269 | D:5      | 4269 ||| IDENTIFYING grey potion
  4270 | D:5      | 4270 ||| DROPPING potion of brilliance.
  4271 | D:5      | 4271 ||| DROPPING potion of invisibility.
  4295 | D:6      | Noticed Edmund
  4296 | D:6      | 4296 ||| PLANNING SEWER
  4296 | D:6      | 4296 ||| Stepping ~*~*~tactically~*~*~ (outnumbered).
  4297 | D:6      | 4297 ||| Stepping ~*~*~tactically~*~*~ (outnumbered).
  4298 | D:6      | 4298 ||| INVOKING Heroism.
  4301 | D:6      | Killed Edmund
  4302 | D:6      | Reached XP level 8. HP: 46/68 MP: 5/8
  4304 | D:6      | HP: 17/68 [orc priest/divine providence (15)]
  4304 | D:6      | Killed from afar by an orc priest

Levels and vault maps discovered:
D:1:      ebering_trefoil_3fold, layout_basic
D:2:      minmay_spotlight, layout_basic, kennysheep_generic_room_7
D:3:      layout_basic, nicolae_overflow_hidden_temple
D:4:      layout_cave_pools, uniq_eustachio
D:5:      layout_basic, nicolae_gozag_seed_capital,
          minmay_temple_entry_offerings, serial_shops, shop,
          minmay_increasing_density
D:6:      minmay_chambers_of_sixes, layout_basic,
          worldfamousw_hep_ancestral_shrine, cheibrodos_sewer_entry_bend,
          grunt_ministairs_2, minmay_gold_behind_fungi,
          kennysheep_generic_room_15, uniq_edmund
Temple:   nicolae_temple_superstar

Skill      XL: |  1  2  3  4  5  6  7 |
---------------+----------------------+-----
Ranged Weapons | 3 4 5 6 7 8 |  8.2
Fighting       | 2 3 4 5 |  5.0
Armour         | 1 2 |  2.1
Dodging        | 3 |  3.0
Invocations    | 2 |  2.7
Spellcasting   | |  1.0
Hexes          | |  2.0

Action                     |  1- 3 |  4- 6 |  7- 9 || total
---------------------------+-------+-------+-------++-------
   Fire: Sling             |   147 |    77 |       ||   224
         Orcbow            |       |    40 |    45 ||    85
 Invoke: Heroism           |       |       |     1 ||     1
    Use: Scroll            |     7 |     3 |     3 ||    13
         Potion            |       |       |     1 ||     1
 Armour: Robe              |    12 |       |       ||    12
         Ring mail         |     1 |    56 |    12 ||    69
  Dodge: Dodged            |    17 |    64 |    21 ||   102

Table legend:
 A = Non-vault XP
 B = Vault XP
 C = Vault XP percentage of total XP
 D = Non-vault monster count
 E = Vault monster count
 F = Vault count percentage of total count
                 A         B        C        D         E       F
            +---------+---------+-------+---------+---------+-------
      Total |    1110 |     386 |  25.8 |     100 |      10 |   9.1
            +---------+---------+-------+---------+---------+-------
        D:1 |      49 |       0 |   0.0 |      28 |       0 |   0.0
        D:2 |      22 |       4 |  15.4 |      11 |       3 |  21.4
        D:3 |     102 |       0 |   0.0 |      12 |       0 |   0.0
        D:4 |     206 |     191 |  48.1 |      23 |       1 |   4.2
        D:5 |     696 |      34 |   4.7 |      25 |       5 |  16.7
        D:6 |      35 |     157 |  81.8 |       1 |       1 |  50.0
            +---------+---------+-------+---------+---------+-------
